 Dungeon Crawl Stone Soup version 0.31.0-1-g2c135a0 (webtiles) character file.

Game seed: 11578581938900556349

401 Elroddo99 the Chiller (level 6, -14/41 HPs)
             Began as a Demonspawn Ice Elementalist on Feb 18, 2024.
             Was an Initiate of Hepliaklqana.
             Killed by an exploding hobgoblin (55 damage)
             ... ignited by their inner flame
             ... on level 3 of the Dungeon.
             The game lasted 00:21:08 (2505 turns).

Elroddo99 the Chiller (Demonspawn Ice Elementalist) Turns: 2505, Time: 00:21:08

Health: -14/41     AC:  7    Str:  6 (9)  XL:     6   Next: 54%
Magic:  11/11      EV: 11    Int: 16 (17) God:    Hepliaklqana [......]
Gold:   70         SH:  5    Dex: 18 (20) Spells: 8/12 levels left

rFire   x . .        l - +2 dagger (venom)
rCold   + . .        (no shield)
rNeg    . . .        p - +2 ring mail "Kefef" {Harm Dex+2}
rPois   +            (no helmet)
rElec   .            (no cloak)
rCorr   .            (no gloves)
SInv    +            (no boots)
Will    +....        t - amulet "Ehihoiw" {Reflect Will+ Dex+5 SH+5 SInv}
Stlth   ++           g - ring of ice
HPRegen 0.26/turn    q - ring of poison resistance
MPRegen 0.12/turn

%: harm (+30% outgoing, +20% incoming), reflection
@: no status effects
A: spiny 2, sturdy frame 1, weakness stinger 1
a: Renounce Religion


You were on level 3 of the Dungeon.
You worshipped Hepliaklqana.
Hepliaklqana was noncommittal.
You visited 1 branch of the dungeon, and saw 4 of its levels.
You also visited: Sewer.

You collected 70 gold pieces.

Inventory:

Hand Weapons
 l - a +2 dagger of venom (weapon)
Missiles
 m - 27 stones
 u - 6 boomerangs (quivered)
Armour
 a - a +0 robe
 o - a +0 leather armour
 p - the +2 ring mail "Kefef" (worn) {Harm Dex+2}
   (You found it on level 4 of the Dungeon)

   Dex+2:     It affects your dexterity (+2).
   Harm:      It increases damage dealt and taken.
Jewellery
 f - an amulet of guardian spirit
 g - a ring of ice (left hand)
 q - a ring of poison resistance (right hand)
 t - the amulet "Ehihoiw" (around neck) {Reflect Will+ Dex+5 SH+5 SInv}
   (You found it in a sewer)

   [amulet of reflection]

   Reflect:   It reflects blocked missile attacks.
   Dex+5:     It affects your dexterity (+5).
   Will+:     It increases your willpower.
   SInv:      It lets you see invisible.
   SH+5:      It affects your SH (+5).
Talismans
 k - a beast talisman
Scrolls
 v - a scroll of blinking
Potions
 b - a potion of magic
 c - 3 potions of curing
 j - a potion of brilliance


   Skills:
 + Level 0.1 Fighting
 + Level 1.0 Short Blades
 + Level 1.1 Armour
 + Level 2.5 Dodging
 + Level 2.7 Stealth
 + Level 0.1 Unarmed Combat
 + Level 3.8 Spellcasting
 + Level 5.2 Ice Magic


You had 8 spell levels left.
You knew the following spells:

 Your Spells              Type           Power      Damage    Failure   Level
a - Freeze                Ice            100%       1d10      4%          1
b - Hailstorm             Conj/Ice       17%        3d6       34%         3

Your spell library contained the following spells:

 Spells                   Type           Power      Damage    Failure   Level
 Frozen Ramparts          Ice            58%        1d9       12%         3
 Ozocubu's Armour         Ice            29%        N/A       12%         3
 Summon Ice Beast         Ice/Summ       17%        N/A       34%         3
 Metabolic Englaciation   Hex/Ice        8%         N/A       97%         5
 Sculpt Simulacrum        Ice/Alch       8%         N/A       100%        6


Dungeon Overview and Level Annotations

Branches:
Dungeon (4/15)              Sewer (visited)
 Temple: D:4-7

Altars:
Ashenzari
Dithmenos
Hepliaklqana


Innate Abilities, Weirdness & Mutations

You are mostly covered in sharp spines.
Your movements are slightly less encumbered by armour. (ER -2)
You have a small tail.


Message History

You feel weakened.
You feel dopey.
You feel clumsy.
As you read the scroll labelled LIDEEF HIMA, it crumbles to dust.
Your body is wracked with pain!
Ouch! That really hurt!
It was a scroll of torment.
You start resting.
You feel less attractive to monsters.
You start resting.
You feel your willpower return.
You start resting.
You feel a little less mighty now.
You start resting.
You feel a little less clever now.
You start resting.
You start resting.
HP restored.
You start waiting.
You start waiting.
You start waiting.
You start waiting.
You start waiting.
You start waiting.
A hobgoblin comes into view.
A hobgoblin is nearby!
A hobgoblin is nearby!
A hobgoblin is nearby!
A hobgoblin is nearby!
A hobgoblin is nearby!
A hobgoblin is nearby!
A hobgoblin is nearby!
A hobgoblin is nearby!
A hobgoblin is nearby!
As you read the scroll labelled UBBAD OXEEGHO, it crumbles to dust.
The creatures around you are filled with an inner flame!
It was a scroll of immolation.
The hobgoblin is struck by your spines.
The hobgoblin explodes!
The fiery explosion engulfs you!!! The fire burns you terribly!
Ouch! That really hurt!
You die...

#######
#####.§...#
###...§§..>.#
#.....@§§...#
#...........#
#...........#
#.......>####
..........#
.#######...
#####


There were no monsters in sight!

Vanquished Creatures
  2 bullfrogs (Sewer)
  A scorpion (D:4)
  An iguana (D:4)
  A gnoll (D:1)
  3 river rats (D:4)
  7 adders
  A ribbon worm (D:2)
  8 dart slugs
  An orc (D:4)
  6 ball pythons
  2 bats (D:1)
  3 endoplasms
  10 giant cockroaches
  6 hobgoblins
  4 jackals
  3 quokkas
  9 frilled lizards
  8 goblins
  5 kobolds
  6 rats
87 creatures vanquished.

Notes
Turn   | Place    | Note
-------+----------+-------------------------------------------
     0 | D:1      | Elroddo99 the Demonspawn Ice Elementalist began the quest
                  | for the Orb.
     0 | D:1      | Reached XP level 1. HP: 13/13 MP: 3/3
   154 | D:1      | Gained mutation: Your movements are slightly less
                  | encumbered by armour. (ER -2) [demonic ancestry]
   154 | D:1      | Reached XP level 2. HP: 9/19 MP: 3/5
   241 | D:1      | Reached skill level 4 in Ice Magic
   517 | D:1      | Gained mutation: You have a small tail. [demonic ancestry]
   517 | D:1      | Reached XP level 3. HP: 24/24 MP: 6/6
  1110 | D:2      | Learned a level 3 spell: Hailstorm
  1332 | D:2      | You fall into a shaft and drop 2 floors!
  1372 | D:4      | Noticed a scorpion
  1382 | D:4      | Found a hazy altar of Hepliaklqana.
  1397 | D:4      | Became a worshipper of Hepliaklqana the Forgotten
  1452 | D:4      | Identified the +2 ring mail "Kefef" {Harm Dex+2}
  1491 | D:4      | Killed a scorpion
  1492 | D:4      | Gained mutation: You are partially covered in sharp spines.
                  | [demonic ancestry]
  1492 | D:4      | Reached XP level 4. HP: 30/30 MP: 5/8
  1496 | D:4      | Found a shadowy altar of Dithmenos.
  1507 | D:4      | Gained mutation: You are mostly covered in sharp spines.
                  | [demonic ancestry]
  1507 | D:4      | Reached XP level 5. HP: 24/35 MP: 3/9
  1760 | D:4      | Found a glowing drain.
  1788 | Sewer    | Entered a sewer
  1802 | Sewer    | Reached skill level 5 in Ice Magic
  2030 | Sewer    | Reached XP level 6. HP: 39/41 MP: 9/11
  2080 | Sewer    | Identified the amulet "Ehihoiw" {Reflect Will+ Dex+5 SH+5
                  | SInv}
  2090 | Sewer    | Reached skill level 1 in Short Blades
  2090 | Sewer    | Reached skill level 1 in Armour
  2167 | D:4      | Found a broken altar of Ashenzari.
  2505 | D:3      | Killed by an exploding hobgoblin... ignited by their inner
                  | flame

Illustrated notes

Levels and vault maps discovered:
D:1:      onia_arrival_mini_maze, layout_basic, hangedman_decor_clover_reticule
D:2:      layout_basic, uniq_crazy_yiuf_cottage, uniq_robin
D:3:      minmay_evil_eye, layout_basic, grunt_temple_overflow_open
D:4:      layout_loops_cross, grunt_dithmenos_smoke, kennysheep_mini,
          mainiacjoe_overflow_small_starburst, portal_sewer_entry_b

Skill      XL: |  1  2  3  4  5  6 |
---------------+-------------------+-----
Ice Magic      | 4 5 |  5.2
Dodging        | 2 |  2.5
Stealth        | 2 |  2.7
Spellcasting   | 3 |  3.8
Short Blades   | 1 |  1.0
Armour         | 1 |  1.1
Fighting       | |  0.1
Unarmed Combat | |  0.1

Action                     |  1- 3 |  4- 6 || total
---------------------------+-------+-------++-------
  Melee: Unarmed           |     7 |       ||     7
         Dagger            |    38 |    52 ||    90
         Tailslap          |     2 |     9 ||    11
         Punch             |     1 |       ||     1
   Cast: Freeze            |    44 |    11 ||    55
    Use: Scroll            |     1 |     5 ||     6
         Potion            |     1 |     4 ||     5
   Stab: Sleeping          |     1 |     1 ||     2
 Armour: Robe              |    40 |       ||    40
         Ring mail         |       |    65 ||    65
  Dodge: Dodged            |    71 |    57 ||   128
